AoeStats
← 1ØØ | Camilo

Arabian Desert

509785482Analyzed
1v1 RM · 4d ago on Sep 28, 2026· 22m 21s· 2 players
Game mode
Random Map
Map size
Tiny (2 player)
Population
200
Speed
Normal
Resources
Standard
Victory
Conquest
Starting age
Dark Age
Ending age
Imperial Age
RankedLock teamsTeams togetherTeam positionsShared explorationLock speedFull tech treeHidden civsTurbo modeCheats
Victory
Defeat
🇮🇹 Celts · Italy
1439
+15
🇨🇴 Tatars · Colombia
1408
-15
1ØØ | Camilo
5:56 Loom
9:58 Feudal Age
14:11 Horse Collar
14:40 Double-Bit Axe
20:41 Castle Age
19:01 Gold Mining
19:47 Forging
BIGMAC
7:26 Loom
9:51 Feudal Age
10:08 Man-at-Arms
10:36 Double-Bit Axe
19:53 Castle Age
17:49 Horse Collar
18:26 Gold Mining
19:18 Scale Barding Armor
19:56 Forging
Connection lost

Rejoining the realm…

Still unreachable

The connection could not be restored.

Session expired

The server has moved on; the page needs a fresh start.